 Dungeon Crawl Stone Soup version 0.23-a0-143-g1adec7b (webtiles) character file.

2579 Gorice the Cleaver (level 9, -11/70 HPs)
             Began as a Hill Orc Fighter on Sept 1, 2018.
             Mangled by an ogre
             ... wielding a +0 giant club
              (21 damage)
             ... on level 7 of the Dungeon.
             The game lasted 00:23:48 (6897 turns).

Gorice the Cleaver (Hill Orc Fighter)               Turns: 6897, Time: 00:23:49

Health: -11/70     AC: 14    Str: 19    XL:     9   Next: 58%
Magic:  9/9        EV:  5    Int: 11    God:
Gold:   228        SH:  9    Dex: 10    Spells: 8/8 levels left

rFire    . . .     SeeInvis .   a - +2 war axe (flame)
rCold    . . .     Gourm    .   c - +0 shield
rNeg     + . .     Faith    .   i - +0 chain mail
rPois    .         Spirit   .   (no helmet)
rElec    .         Reflect  .   r - +1 cloak
rCorr    .         Harm     .   B - +0 pair of gloves
MR       .....                  (no boots)
Stlth    ..........             E - amulet of magic regeneration
HPRegen  0.21/turn              y - ring of positive energy
MPRegen  0.36/turn              (no ring)

@: marked
A: no striking features
a: no special abilities


You were on level 7 of the Dungeon.
You were not hungry.

You visited 1 branch of the dungeon, and saw 7 of its levels.

You collected 228 gold pieces.

Inventory:

Hand Weapons
 a - a +2 war axe of flaming (weapon)
   (You took it off an orc on level 4 of the Dungeon)
 u - a +0 war axe
 x - a +0 battleaxe
 D - a +1 hunting sling of velocity
   (You found it on level 7 of the Dungeon)
Missiles
 q - 16 sling bullets
 t - 13 tomahawks (quivered)
 Y - 164 stones
Armour
 b - a +0 scale mail
 c - a +0 shield (worn)
 g - the +1 ring mail of Wisdom {Int+3}
   (You found it on level 6 of the Dungeon)

   It affects your intelligence (+3).
 i - a +0 chain mail (worn)
 r - a +1 cloak (worn)
 B - a +0 pair of gloves (worn)
Magical Staves
 s - an uncursed staff of poison
Jewellery
 y - a ring of positive energy (left hand)
 E - an amulet of magic regeneration (around neck)
Wands
 p - a wand of flame (77)
 C - a wand of disintegration (18)
Scrolls
 h - 3 scrolls of fear {!r}
 v - 2 scrolls of magic mapping {!r}
 w - 3 scrolls of remove curse
 A - 3 scrolls of teleportation {!r}
 F - 2 scrolls of enchant weapon {unknown}
 G - a scroll of blinking
 H - a scroll of fog {unknown}
Potions
 d - a potion of might {!q}
 e - a potion of berserk rage
 j - 3 potions of curing
 k - 2 potions of haste {!q}
 l - 3 potions of ambrosia
 m - 3 potions of brilliance {!q}
 n - a potion of flight
 o - 2 potions of lignification {!q}
 z - a potion of heal wounds {unknown}
Comestibles
 f - 9 rations
 I - 4 chunks of flesh


   Skills:
 - Level 3.6 Fighting
 * Level 13.2 Axes
 + Level 8.7 Armour
 - Level 3.2 Shields


You had 8 spell levels left.
You didn't know any spells.
Your spell library contained the following spells:

 Spells                   Type           Power        Failure   Level  Hunger
 Animate Skeleton         Necr           N/A          100%        1    ##.....
 Pain                     Necr           #...         100%        1    ##.....
 Regeneration             Chrm/Necr      #.........   100%        3    ####...
 Vampiric Draining        Necr           #.........   100%        3    ####...
 Animate Dead             Necr           N/A          100%        4    #####..


Dungeon Overview and Level Annotations

Branches:
Dungeon (7/15)
 Temple: D:4-7

Altars:
Kikubaaqudgha
Qazlal
Ru
Sif Muna
Uskayaw

Shops:
D:5 %

Annotations:
D:7 Harold


Message History

You see here an arrow.
There is a stone staircase leading down here.
Harold the Weathered comes into view.
He is wielding a battleaxe.
Harold shouts!
Harold points at you and mumbles some strange words.
A sentinel's mark forms upon you.
Unknown command.
Harold completely misses you.
An ogre comes into view. It is wielding a giant club.
Found an elf skeleton.
You slash Harold! You burn Harold.
Harold is moderately wounded.
Harold hits you but does no damage.
You hit Harold. You burn Harold.
Harold is moderately wounded.
Harold hits you with a battleaxe!
Damage: 12 (max 12)
You closely miss Harold.
Harold is moderately wounded.
Harold hits you with a battleaxe!
Damage: 7 (max 12)
You slash the ogre! You burn the ogre.
The ogre is severely wounded.
The ogre barely misses you.
Your shield and chain mail prevent you from hitting the ogre.
The ogre is severely wounded.
You hit the ogre. You burn the ogre.
The ogre is severely wounded.
The ogre hits you with a giant club.
Harold says, "Listen, it's nothing personal.
It's just a job."
Damage: 1 (max 12)
You barely miss the ogre.
The ogre is severely wounded.
The ogre hits you with a giant club!
* * * LOW HITPOINT WARNING * * *
Damage: 17 (max 17)
You barely miss the ogre.
The ogre is severely wounded.
The ogre hits you with a giant club!
* * * LOW HITPOINT WARNING * * *
Damage: 11 (max 17)
You barely miss the ogre.
The ogre is severely wounded.
You hit the ogre. You burn the ogre.
The ogre is almost dead.
The ogre hits you with a giant club!!
* * * LOW HITPOINT WARNING * * *
Damage: 20 (max 20)
You feel better. The ogre hits you with a giant club!!
You die...

.####### .......# .......#
# .......# .#### .......#
..#.## .......# #.รท.#
###.#### #.@#
#.#############O#####.
###.#...........@..$.(..#
......####################
....#.#..............(...#
........>...######.#(##.##
.....######.#...##.#(##.#
............#.#.##.#.##.#
####.########.#.##.#)##.#
# #.# #.#.##.#.#..# ## #.#
#.#.##.#.#.##


You could see Harold and an ogre.

Vanquished Creatures
  A hippogriff (D:5)
  Menkaure (D:7)
  Duvessa (D:7)
  2 orc warriors
  A sky beast (D:7)
  4 ogres
  4 centaurs
  3 bullfrogs
  Dowan (D:7)
  2 scorpions
  A crimson imp (D:6)
  A howler monkey (D:4)
  A hound (D:7)
  2 centaur skeletons
  An orc priest (D:3)
  7 orc wizards
  An iguana (D:6)
  Jessica (D:2)
  Natasha (twice) (D:2)
  6 worker ants
  7 gnolls
  A howler monkey skeleton (D:4)
  6 adders
  A shadow imp (D:7)
  An ooze (D:2)
  An adder skeleton (D:6)
  2 worms (D:2)
  5 dart slugs
  4 leopard geckos
  23 orcs
  A ball python (D:4)
  4 giant cockroaches
  7 goblins
  7 hobgoblins
  22 jackals
  2 quokkas
  12 bats
  6 frilled lizards
  8 kobolds
  A leopard gecko skeleton (D:4)
  A leopard gecko zombie (D:6)
  A quokka skeleton (D:5)
  9 rats
175 creatures vanquished.

Notes
Turn   | Place    | Note
-------+----------+-------------------------------------------
     0 | D:1      | Gorice the Hill Orc Fighter began the quest for the Orb.
     0 | D:1      | Reached XP level 1. HP: 19/19 MP: 1/1
    42 | D:1      | Reached skill level 3 in Axes
    60 | D:1      | Reached XP level 2. HP: 23/26 MP: 2/2
   178 | D:1      | Reached skill level 4 in Axes
   255 | D:1      | Reached XP level 3. HP: 31/31 MP: 3/3
   988 | D:2      | Found a faded altar of an unknown god.
  1066 | D:2      | Reached skill level 4 in Armour
  1085 | D:2      | Reached XP level 4. HP: 32/39 MP: 4/4
  1103 | D:2      | Reached skill level 5 in Axes
  1729 | D:2      | Noticed Natasha
  1735 | D:2      | Killed Natasha
  1735 | D:2      | Reached XP level 5. HP: 37/45 MP: 5/5
  1757 | D:2      | Noticed Jessica
  1766 | D:2      | Killed Jessica
  1766 | D:2      | Reached skill level 6 in Axes
  1861 | D:2      | Noticed Natasha
  1871 | D:2      | Killed Natasha
  2269 | D:3      | Reached XP level 6. HP: 16/51 MP: 6/6
  2269 | D:3      | Reached skill level 7 in Axes
  2568 | D:3      | Reached skill level 5 in Armour
  2927 | D:4      | Reached skill level 8 in Axes
  2927 | D:4      | Reached XP level 7. HP: 21/57 MP: 7/7
  3921 | D:5      | Entered Level 5 of the Dungeon
  3959 | D:5      | Reached skill level 9 in Axes
  3962 | D:5      | Reached skill level 6 in Armour
  4013 | D:5      | Noticed a hippogriff
  4018 | D:5      | Killed a hippogriff
  4018 | D:5      | Reached XP level 8. HP: 57/64 MP: 8/8
  4028 | D:5      | Reached skill level 10 in Axes
  4186 | D:5      | Found a stormy altar of Qazlal.
  4581 | D:5      | Found Zoconox's Food Shoppe.
  4921 | D:6      | Found a sacrificial altar of Ru.
  4951 | D:6      | Reached skill level 7 in Armour
  5105 | D:5      | Reached skill level 11 in Axes
  5424 | D:6      | Reached XP level 9. HP: 64/70 MP: 9/9
  5770 | D:6      | Found a deep blue altar of Sif Muna.
  5914 | D:6      | Got a pitted ring mail
  5983 | D:6      | Reached skill level 12 in Axes
  6189 | D:7      | Noticed Duvessa
  6190 | D:7      | Noticed Dowan
  6206 | D:7      | Killed Duvessa
  6206 | D:7      | Reached skill level 8 in Armour
  6266 | D:7      | Killed Dowan
  6380 | D:7      | Noticed a dagger
  6380 | D:7      | Noticed a dagger
  6381 | D:7      | Found a hide-covered altar of Uskayaw.
  6415 | D:7      | Identified the +1 ring mail of Wisdom {Int+3} (You found it
                  | on level 6 of the Dungeon)
  6457 | D:7      | Found an ancient bone altar of Kikubaaqudgha.
  6629 | D:7      | Noticed Menkaure
  6633 | D:7      | Killed Menkaure
  6633 | D:7      | Reached skill level 13 in Axes
  6884 | D:7      | Noticed Harold
  6896 | D:7      | HP: 4/70 [ogre/giant club (20)]
  6897 | D:7      | Mangled by an ogre

Vault maps used:
D:1:      eino_arrival_water_star, serial_forest, infiniplex_forest_straight_1,
          infiniplex_forest_lined_corner, infiniplex_forest_clump_small,
          infiniplex_forest_lined_3, infiniplex_forest_lined_corner,
          infiniplex_forest_lined_3
D:2:      chequers_ecumenical_altar_simple, uniq_jessica, uniq_natasha
D:3:      minmay_misc_feat_columns
D:4:      first_ration
D:5:      grunt_qazlal_clouds, serial_shops, kennysheep_mini_moat
D:6:      led_sif_pool, nicolae_overflow_crystal_walls
D:7:      dancing_weapons_uskayaw, kiku_gazebo_garden_becter, temple_hall,
          grunt_ogre_cave, uniq_menkaure, uniq_duvessa, uniq_harold

Skill      XL: |  1  2  3  4  5  6  7  8  9 |
---------------+----------------------------+-----
Axes           | 3 4 5 6 8 9 11 13 | 13.2
Armour         | 4 5 6 7 8 |  8.7
Fighting       | |  3.6
Shields        | |  3.2

Action                   |  1- 3 |  4- 6 |  7- 9 || total
-------------------------+-------+-------+-------++-------
Melee: War axe           |   102 |   203 |   262 ||   567
Throw: Stone             |       |     3 |       ||     3
       Tomahawk          |       |     3 |     7 ||    10
  Use: Scroll            |     7 |     2 |     7 ||    16
       Potion            |       |       |     1 ||     1
  Eat: Chunk             |     1 |     6 |    13 ||    20
Armor: Scale mail        |    40 |    21 |       ||    61
       Chain mail        |       |    81 |   111 ||   192
Dodge: Dodged            |    35 |    44 |    41 ||   120
Block: Shield            |    55 |   104 |    89 ||   248

Table legend:
 A = Non-vault XP
 B = Vault XP
 C = Vault XP percentage of total XP
 D = Non-vault monster count
 E = Vault monster count
 F = Vault count percentage of total count
                 A         B        C        D         E       F
            +---------+---------+-------+---------+---------+-------
      Total |    3220 |     465 |  12.6 |     170 |       5 |   2.9
            +---------+---------+-------+---------+---------+-------
        D:1 |      71 |       0 |   0.0 |      38 |       0 |   0.0
        D:2 |     120 |      70 |  36.8 |      34 |       2 |   5.6
        D:3 |     142 |       0 |   0.0 |      20 |       0 |   0.0
        D:4 |     505 |       0 |   0.0 |      25 |       0 |   0.0
        D:5 |    1090 |       0 |   0.0 |      26 |       0 |   0.0
        D:6 |     669 |       0 |   0.0 |      16 |       0 |   0.0
        D:7 |     623 |     395 |  38.8 |      11 |       3 |  21.4
            +---------+---------+-------+---------+---------+-------

Table legend:
 A = Turns spent in this place as a percentage of turns spent in the entire game.
 B = Non-inter-level travel turns spent in this place as a percentage of non-inter-level travel turns spent in the entire game.
 C = Inter-level travel turns spent in this place as a percentage of turns spent in this place.
 D = Turns resting spent in this place as a percentage of non-inter-level travel turns spent in this place.
 E = Turns spent auto-exploring this place as a percentage of non-inter-level travel turns spent in this place.
 F = Non-inter-level travel turns spent in this place divided by the number of levels of this place that you've seen.
                   A       B       C       D       E      F
               +-------+-------+-------+-------+-------+----------------------
         Total | 100.0 | 100.0 |   2.9 |  22.1 |  50.9 | 956.9
       Dungeon | 100.0 | 100.0 |   2.9 |  22.1 |  50.9 | 956.9
               +-------+-------+-------+-------+-------+----------------------

Vault maps used:
D:1:      eino_arrival_water_star, serial_forest, infiniplex_forest_straight_1,
          infiniplex_forest_lined_corner, infiniplex_forest_clump_small,
          infiniplex_forest_lined_3, infiniplex_forest_lined_corner,
          infiniplex_forest_lined_3
D:2:      chequers_ecumenical_altar_simple, uniq_jessica, uniq_natasha
D:3:      minmay_misc_feat_columns
D:4:      first_ration
D:5:      grunt_qazlal_clouds, serial_shops, kennysheep_mini_moat
D:6:      led_sif_pool, nicolae_overflow_crystal_walls
D:7:      dancing_weapons_uskayaw, kiku_gazebo_garden_becter, temple_hall,
          grunt_ogre_cave, uniq_menkaure, uniq_duvessa, uniq_harold
